 Dungeon Crawl Stone Soup version 0.14-a0-586-g2535b90 (webtiles) character file.

327 JacquesDerrida the Slasher (level 5, 0/38 HPs)
             Began as a Demonspawn Artificer on Nov 4, 2013.
             Succumbed to a kobold's curare-tipped needle
             ... on Level 4 of the Dungeon.
             The game lasted 00:10:04 (3068 turns).

JacquesDerrida the Slasher (Demonspawn Artificer)   Turns: 3068, Time: 00:10:05

HP   0/38        AC  4     Str 12      XL: 5   Next: 99%
MP   7/7         EV 11     Int 13      God:
Gold 62          SH  0     Dex 14      Spells:  0 memorised,  4 levels left

Res.Fire  : . . .   See Invis. : .   p - +0 long sword
Res.Cold  : . . .   Warding    : .   e - +0 leather armour
Life Prot.: . . .   Conserve   : .   (no shield)
Res.Poison: .       Res.Corr.  : .   (no helmet)
Res.Elec. : .       Clarity    : .   t - +0 cloak
Sust.Abil.: . .     Spirit.Shd : .   (no gloves)
Res.Mut.  : .       Stasis     : .   (no boots)
Res.Rott. : .       Flight     : .   l - amulet of rage
Saprovore : . . .                    (no ring)
                                     o - ring of flight

@: mildly poisoned, slightly resistant to hostile enchantments, unstealthy
A: hooves 1, demonic guardian 1
a: Evoke Berserk Rage, Evoke Flight


You were on level 4 of the Dungeon.
You were hungry.

You visited 1 branch of the dungeon, and saw 4 of its levels.

You collected 62 gold pieces.

Inventory:

Hand weapons
 h - a +0 blowgun
 m - a -1,+1 orcish short sword
 p - a +0,+0 long sword (weapon)
Missiles
 j - 4 javelins (quivered)
 y - 5 curare-tipped needles
Armour
 e - a +0 leather armour (worn)
 q - a +1 chain mail of fire resistance
 t - a +0 cloak (worn)
Magical devices
 b - a wand of flame (14)
 c - a wand of enslavement (15)
 d - a wand of random effects (15)
 u - a wand of disintegration (12)
Comestibles
 f - 2 bread rations
 z - 4 chunks of orc flesh
Scrolls
 a - 2 scrolls of teleportation {unknown}
 g - 2 scrolls of identify {unknown}
 k - 2 scrolls of remove curse
 n - 2 scrolls of enchant weapon II {unknown}
 r - a scroll of recharging
 s - a scroll of amnesia {unknown}
 v - a scroll of enchant armour {unknown}
 w - a scroll of noise {unknown}
Jewellery
 l - an amulet of rage (around neck)
 o - a ring of flight (left hand)
Potions
 i - a potion of magic


   Skills:
 - Level 1.0 Fighting
 - Level 3.7 Short Blades
 + Level 4.5 Long Blades
 - Level 1.7 Dodging
 - Level 0.8 Stealth
 - Level 3.0 Evocations


You had 4 spell levels left.
You didn't know any spells.

Dungeon Overview and Level Annotations

Branches:
Dungeon (4/27)
 Temple: D:4-7

Altars:


Innate Abilities, Weirdness & Mutations

You have large cloven feet.
A weak demonic guardian rushes to your aid.


Message History

You see here a kobold corpse.
* * * LOW HITPOINT WARNING * * *
You feel sick.
You see here an orcish hand axe.
Drink which item? (? for menu, Esc to quit)
Magic courses through your body.
It was a potion of magic.
* * * LOW HITPOINT WARNING * * *
You feel sick.
* * * LOW HITPOINT WARNING * * *
You feel sick.
You feel yourself speed up.
* * * LOW HITPOINT WARNING * * *
You feel sick.
* * * LOW HITPOINT WARNING * * *
You feel sick.
* * * LOW HITPOINT WARNING * * *
You feel sick.
You feel less exhausted.
Unknown command.
You die...

#.# #.# #.# ##.###### #
#####...#...# #..
.............# #..
#####...#...####### # ##..
#####.###)..%.......
#...####..@........######..
#.#.#.##.###.#####.# ...
#......#.###.# #.# #...
#...#...##.# #.####....
#####.......#.# #))%.)..?.
#..<%.......(.# #..###...#
#.###>......### #..# #.##
#. #..#...## #..# .# #.
#..##.## #..# #


There were no monsters in sight!

Vanquished Creatures
  The ghost of rdx the Ruffian, an average TrMo (D:3)
  A worker ant (D:4)
  Terence (D:3)
  A hound skeleton (D:4)
  2 adders
  A giant mite (D:2)
  2 worms (D:2)
  2 giant geckos
  2 oozes
  17 orcs
  8 bats
  4 giant cockroaches
  6 goblins
  7 hobgoblins
  8 kobolds
  A quokka (D:2)
  3 ball pythons
  7 giant newts
  6 jackals
  13 rats
93 creatures vanquished.

Vanquished Creatures (collateral kills)
  An orc (D:3)
1 creature vanquished.

Vanquished Creatures (others)
  3 crimson imps
  2 iron imps (D:3)
  2 lemures
  2 ufetubi (D:3)
9 creatures vanquished.

Grand Total: 103 creatures vanquished

Notes
Turn   | Place    | Note
--------------------------------------------------------------
     0 | D:1      | JacquesDerrida, the Demonspawn Artificer, began the quest for the Orb.
     0 | D:1      | Reached XP level 1. HP: 16/16 MP: 1/1
     7 | D:1      | Reached skill level 1 in Short Blades
   175 | D:1      | Gained mutation: A weak demonic guardian rushes to your aid. [demonic ancestry]
   175 | D:1      | Reached XP level 2. HP: 11/22 MP: 3/3
   972 | D:1      | Reached XP level 3. HP: 22/27 MP: 4/4
  1532 | D:2      | Gained mutation: You have large cloven feet. [demonic ancestry]
  1532 | D:2      | Reached XP level 4. HP: 19/33 MP: 6/6
  1807 | D:3      | Noticed rdx's ghost (average TrMo)
  2095 | D:3      | Noticed Terence
  2109 | D:3      | Killed Terence
  2109 | D:3      | Reached skill level 1 in Long Blades
  2298 | D:3      | Killed rdx's ghost
  2298 | D:3      | Reached XP level 5. HP: 38/38 MP: 7/7
  2631 | D:3      | Reached skill level 4 in Long Blades
  3058 | D:4      | HP: 1/38 [poisoned by a kobold (curare-tipped needle)]
  3068 | D:4      | Succumbed to a kobold's curare-tipped needle

Action                   |  1- 3 |  4- 6 || total
-------------------------+-------+-------++-------
Melee: Short sword       |   211 |    34 ||   245
       Long sword        |       |   111 ||   111
 Abil: Evoke Berserk Rag |       |     4 ||     4
Evoke: Wand              |     1 |     1 ||     2
  Use: Potion            |       |     3 ||     3
       Scroll            |       |     1 ||     1
 Stab: Distracted        |       |     1 ||     1
